 Dungeon Crawl Stone Soup version 0.22-a0-482-g76e0a5f (webtiles) character file.

8470 Mamutox the Covert (level 11, -8/50 HPs)
             Began as a Spriggan Enchanter on June 17, 2018.
             Was a Believer of Dithmenos.
             Mangled by a four-headed hydra (13 damage)
             ... on level 10 of the Dungeon.
             The game lasted 01:05:11 (12754 turns).

Mamutox the Covert (Spriggan Enchanter)            Turns: 12754, Time: 01:05:11

Health: -8/50      AC:  7    Str:  4    XL:     11   Next: 10%
Magic:  20/26      EV: 25    Int: 19    God:    Dithmenos [**....]
Gold:   478        SH:  0    Dex: 18    Spells: 19/30 levels left

rFire    . . .     SeeInvis +   J - +1 short sword (elec)
rCold    + . .     Gourm    .   (shield restricted)
rNeg     . . .     Faith    .   T - +2 robe {MR+}
rPois    .         Spirit   .   V - +2 hat
rElec    .         Reflect  .   L - +0 cloak
rCorr    .         Harm     .   (gloves unavailable)
MR       ++...                  (boots unavailable)
Stlth    ++++++++..             (no amulet)
HPRegen  0.16/turn              Z - ring of protection from cold
MPRegen  0.20/turn              E - ring of stealth

@: wreathed by umbra, very quick
A: very small, unfitting armour, see invisible, herbivore, speed 3, slow
metabolism 2
a: Shadow Step, Renounce Religion


You were on level 10 of the Dungeon.
You worshipped Dithmenos.
Dithmenos was pleased with you.
You were not hungry.

You visited 3 branches of the dungeon, and saw 13 of its levels.

You collected 478 gold pieces.

Inventory:

Hand Weapons
 J - a +1 short sword of electrocution (weapon)
 Q - a +0 blowgun
Missiles
 v - 141 arrows
 y - 13 tomahawks (quivered)
 O - a throwing net
 R - 17 poisoned needles
 U - 8 poisoned tomahawks
Armour
 L - a +0 cloak (worn)
 T - a +2 robe of magic resistance (worn)
 V - a +2 hat (worn)
Jewellery
 C - a +4 ring of dexterity
 E - a ring of stealth (right hand)
 Z - a ring of protection from cold (left hand)
Wands
 n - a wand of random effects (12)
 r - a wand of clouds (6)
 z - a wand of flame (16)
 D - a wand of digging (13)
 H - a wand of acid (12)
 M - a wand of disintegration (20)
 P - a wand of paralysis (14)
 W - a wand of scattershot (7)
 X - a wand of iceblast (13)
Scrolls
 c - 3 scrolls of amnesia
 f - 3 scrolls of teleportation {unknown}
 g - 3 scrolls of magic mapping {unknown}
 i - 4 scrolls of remove curse
 o - 3 scrolls of noise {unknown}
 q - a scroll of enchant armour {unknown}
 w - 2 scrolls of immolation
 x - 2 scrolls of fear
 A - a scroll of identify
 B - a scroll of fog {unknown}
 G - a scroll of enchant weapon {unknown}
Potions
 e - 5 potions of curing
 h - 4 potions of resistance
 j - 2 potions of might
 m - 3 potions of brilliance
 p - 2 potions of heal wounds
 s - a potion of mutation
 u - 2 potions of invisibility
 F - a potion of lignification {unknown}
 I - a potion of degeneration {unknown}
 K - a potion of agility {unknown}
 N - a potion of flight {unknown}
 Y - a potion of haste {unknown}
Comestibles
 d - 15 rations


   Skills:
 - Level 2.0 Fighting
 + Level 9.0 Short Blades
 * Level 0.0 Throwing
 + Level 9.1 Dodging
 + Level 11.5 Stealth
 + Level 10.1 Spellcasting
 + Level 3.6 Conjurations
 + Level 7.2 Hexes
 - Level 1.5 Ice Magic
 - Level 5.0 Evocations


You had 19 spell levels left.
You knew the following spells:

 Your Spells              Type           Power        Failure   Level  Hunger
b - Tukima's Dance        Hex            #####...     1%          3    None
c - Confuse               Hex            #####...     1%          3    None
v - Dazzling Spray        Conj/Hex       ####..       2%          3    None
x - Ensorcelled Hibernat  Hex/Ice        ####..       1%          2    None

Your spell library contained the following spells:

 Spells                   Type           Power        Failure   Level  Hunger
 Apportation              Tloc           #.....       8%          1    None
 Summon Small Mammal      Summ           #...         8%          1    None
 Animate Skeleton         Necr           N/A          8%          1    None
 Stone Arrow              Conj/Erth      ###...       11%         3    None
 Confusing Touch          Hex            #####.       1%          1    None
 Passwall                 Tmut/Erth      #.......     11%         2    None
 Corona                   Hex            #####..      1%          1    None
 Lee's Rapid Deconstruct  Erth           #.........   90%         5    #####..
 Sandblast                Erth           #.....       8%          1    None
 Petrify                  Tmut/Erth      #.......     58%         4    ##.....


Dungeon Overview and Level Annotations

Branches:
Dungeon (11/15)            Temple (1/1) D:7            Lair (0/6) D:8
    Orc (1/2) D:10

Altars:
Ashenzari
Cheibriados
Dithmenos
Fedhas
Gozag
Hepliaklqana
Kikubaaqudgha
Makhleb
Nemelex Xobeh
Okawaru
Qazlal
Ru
Sif Muna
Trog
Uskayaw
Vehumet
Wu Jian
Xom
Yredelemnul
Zin
The Shining One

Shops:
D:7 [   D:10 [

Annotations:
D:11 Nib's ghost, journeyman GnIE


Innate Abilities, Weirdness & Mutations

You are very small and have problems with some larger weapons.
You are too small for most types of armour.
You have supernaturally acute eyesight. (SInv)
You are a herbivore.
You cover ground extremely quickly.
You need to consume almost no food.


Message History

Confirm with . or Enter, or press ? or * to list all spells.
Aiming: Ensorcelled Hibernation (safe; 1% risk of failure)
Press: ? - help, Shift-Dir - straight line, f - four-headed hydra
Aim: a four-headed hydra (umbra, chance to defeat MR: 22%)
The four-headed hydra resists with almost no effort.
Casting: Ensorcelled Hibernation (safe; 1% risk of failure)
Confirm with . or Enter, or press ? or * to list all spells.
Aiming: Ensorcelled Hibernation (safe; 1% risk of failure)
Press: ? - help, Shift-Dir - straight line, f/p - four-headed hydra
Aim: a four-headed hydra (chance to defeat MR: 22%)
The four-headed hydra looks drowsy...
The helpless four-headed hydra fails to defend itself.
You skewer the four-headed hydra like a kebab!!!
The four-headed hydra is almost dead.
The four-headed hydra bites you!
* * * LOW HITPOINT WARNING * * *
The four-headed hydra bites you.
* * * LOW HITPOINT WARNING * * *
The four-headed hydra bites you!
You die...

#...#.#..............#.
#...###................
#.#.........###########
#.)[).......#..........
#...........#..........
#.#..[......#..........
#...........#....##..##
#...........#....##..##
#.....@.###.#.........#
#.....D.# #.#.........#
#.#.....# #.#.........'
#.......# #.#....##..##
#.......# #.#.)..##..##
#..[....###.#.........#
#.#...>.....#.........#
#...........#######..##
#...#########....##..##


You could see a four-headed hydra.

Vanquished Creatures
  A hydra (D:10)
  Pikel (D:4)
  A cyclops (D:8)
  A kobold demonologist (D:8)
  A troll (D:10)
  3 hippogriffs
  Prince Ribbit (D:5)
  A wraith (D:10)
  3 yaks (D:9)
  A steam dragon (D:8)
  5 orc warriors
  A necrophage (D:9)
  2 black bears
  6 ogres
  2 phantoms
  2 sky beasts
  2 slaves (D:4)
  2 ice beasts
  2 centaurs
  5 big kobolds
  Blork the orc (D:4)
  4 bullfrogs
  2 gnoll sergeants (D:10)
  A wyvern zombie (D:10)
  2 scorpions
  11 killer bees
  4 wights (D:6)
  5 crimson imps
  A centaur zombie (D:5)
  A bullfrog zombie (D:9)
  5 hounds
  A quasit (D:8)
  Crazy Yiuf (D:7)
  2 jellies
  2 centaur skeletons (D:6)
  4 orc priests
  Jessica (D:5)
  2 iguanas
  13 orc wizards
  10 worker ants
  A worker ant zombie (D:6)
  A howler monkey skeleton (D:8)
  2 gnolls
  5 adders
  4 shadow imps
  2 oozes
  4 worms
  An adder skeleton (D:10)
  A dart slug (D:4)
  10 leopard geckos
  32 orcs
  7 giant cockroaches
  9 goblins
  9 hobgoblins
  9 jackals
  19 kobolds
  5 quokkas
  3 ball pythons
  7 bats
  5 frilled lizards
  A jackal zombie (D:8)
  A quokka skeleton (D:5)
  5 rats
259 creatures vanquished.

Vanquished Creatures (others)
  A slave (D:4)
  A worker ant (D:4)
2 creatures vanquished.

Grand Total: 261 creatures vanquished

Notes
Turn   | Place    | Note
-------+----------+-------------------------------------------
     0 | D:1      | Mamutox the Spriggan Enchanter began the quest for the Orb.
     0 | D:1      | Reached XP level 1. HP: 9/9 MP: 5/5
   454 | D:1      | Reached XP level 2. HP: 13/13 MP: 6/6
   462 | D:1      | Reached skill level 5 in Stealth
  1072 | D:1      | Learned a level 2 spell: Ensorcelled Hibernation
  1406 | D:1      | Reached XP level 3. HP: 16/16 MP: 8/8
  1927 | D:2      | Reached skill level 1 in Ice Magic
  2225 | D:2      | Reached XP level 4. HP: 5/21 MP: 2/9
  2667 | D:3      | Found a radiant altar of Vehumet.
  2743 | D:3      | Found a glowing golden altar of the Shining One.
  2859 | D:3      | Learned a level 3 spell: Confuse
  2871 | D:4      | Noticed a phantom
  2894 | D:5      | Entered Level 5 of the Dungeon
  3046 | D:5      | Found a sparkling altar of Nemelex Xobeh.
  3046 | D:5      | Noticed Jessica
  3050 | D:5      | Killed Jessica
  3254 | D:3      | Reached XP level 5. HP: 24/24 MP: 7/11
  3288 | D:3      | Found a stormy altar of Qazlal.
  3433 | D:3      | Reached skill level 6 in Stealth
  3464 | D:3      | Found a glowing silver altar of Zin.
  3487 | D:3      | Noticed an angel
  3488 | D:3      | Found a burning altar of Makhleb.
  3488 | D:3      | Noticed a green death
  3788 | D:4      | Noticed Pikel
  3788 | D:4      | Noticed a slave
  3788 | D:4      | Noticed a slave
  3838 | D:4      | Killed a phantom
  3838 | D:4      | Reached skill level 5 in Hexes
  3838 | D:4      | Reached XP level 6. HP: 19/28 MP: 7/13
  3846 | D:4      | Killed a slave
  4186 | D:4      | Killed a slave
  4189 | D:4      | Noticed a slave
  4190 | D:4      | Noticed a slave
  4533 | D:4      | Reached skill level 7 in Stealth
  4726 | D:4      | Killed Pikel
  4726 | D:4      | Reached skill level 5 in Dodging
  4726 | D:4      | Reached skill level 5 in Spellcasting
  4726 | D:4      | Reached XP level 7. HP: 35/35 MP: 10/16
  4961 | D:4      | Noticed Blork the orc
  4978 | D:4      | Killed Blork the orc
  4978 | D:4      | Reached XP level 8. HP: 39/39 MP: 12/17
  5244 | D:5      | Reached skill level 5 in Short Blades
  5432 | D:5      | Noticed Prince Ribbit
  5467 | D:5      | Killed Prince Ribbit
  5899 | D:5      | Learned a level 3 spell: Tukima's Dance
  5903 | D:5      | Learned a level 3 spell: Dazzling Spray
  6207 | D:6      | Found a bloodstained altar of Trog.
  6329 | D:6      | Found a shattered altar of Ashenzari.
  6367 | D:6      | Reached skill level 1 in Evocations
  6508 | D:6      | Reached skill level 1 in Conjurations
  6595 | D:6      | Reached XP level 9. HP: 42/42 MP: 8/21
  7774 | D:7      | Reached skill level 8 in Stealth
  8128 | D:7      | Reached skill level 5 in Evocations
  8248 | D:7      | Found a staircase to the Ecumenical Temple.
  8274 | Temple   | Entered the Ecumenical Temple
  8399 | Temple   | Became a worshipper of Dithmenos the Shadowed
  8546 | D:7      | Found a runed door.
  8564 | D:7      | Found Socwud's Antique Armour Shop.
  8844 | D:7      | Noticed Crazy Yiuf
  8848 | D:7      | Killed Crazy Yiuf
  8848 | D:7      | Reached skill level 9 in Stealth
  8921 | D:8      | Found a snail-covered altar of Cheibriados.
  8921 | D:8      | Found an iron altar of Okawaru.
  8921 | D:8      | Found a hazy altar of Hepliaklqana.
  8921 | D:8      | Found an opulent altar of Gozag.
  8953 | D:8      | Noticed a cyclops
  8961 | D:8      | Killed a cyclops
  9006 | D:8      | Noticed a kobold demonologist
  9011 | D:8      | Killed a kobold demonologist
  9021 | D:8      | Reached skill level 10 in Stealth
  9046 | D:8      | Reached XP level 10. HP: 46/46 MP: 24/24
  9155 | D:8      | Reached * piety under Dithmenos
  9175 | D:8      | Found a staircase to the Lair.
  9222 | D:8      | Found a shimmering altar of Xom.
  9228 | D:8      | Found a basalt altar of Yredelemnul.
  9232 | D:8      | Found a deep blue altar of Sif Muna.
  9973 | D:9      | Reached ** piety under Dithmenos
 10615 | D:10     | Entered Level 10 of the Dungeon
 10721 | D:10     | Noticed a seven-headed hydra
 10743 | D:10     | Killed a seven-headed hydra
 10743 | D:10     | Reached skill level 11 in Stealth
 11098 | D:10     | Reached skill level 10 in Spellcasting
 11248 | D:10     | Found Amemn's Antique Armour Shop.
 11828 | D:10     | Found a staircase to the Orcish Mines.
 12156 | D:10     | Reached XP level 11. HP: 47/50 MP: 12/26
 12669 | Orc:1    | Entered Level 1 of the Orcish Mines
 12669 | Orc:1    | Noticed a stone giant
 12726 | D:11     | Noticed a four-headed hydra
 12726 | D:11     | Noticed Nib's ghost (journeyman GnIE)
 12754 | D:10     | Mangled by a four-headed hydra

Vault maps used:
D:1:      lightli_arrival_maybe_door_vault, st_stairs_9
D:2:      elyvilon_altar_5
D:3:      grunt_temple_overflow_order_and_chaos_2, lemuel_doored_altar,
          lemuel_coloured_pillars_altar, nicolae_tso_swordbearing_angel
D:4:      first_ration, uniq_blork_the_orc, uniq_pikel
D:5:      nemelex_lonely_heart_becter, uniq_prince_ribbit1
D:6:      bloody_trog, evilmike_ruin_ashenzari
D:7:      minmay_temple_entry_mist, serial_shops, nicolae_shop_behind_doors,
          grunt_ministairs_7, minmay_misc_feat_encased, uniq_crazy_yiuf_cottage
D:8:      minmay_overflow_temple_star_quad,
          chequers_temple_overflow_statue_of_worship, lair_entry_dummy
D:10:     kennysheep_orc_monster_closet_entryway, serial_shops, shop
D:11:     lab_entry_generic, uniq_erolcha
Temple:   nicolae_temple_figure_zero
Orc:1:    guppyfry_library_mini

Skill      XL: |  1  2  3  4  5  6  7  8  9 10 11 |
---------------+----------------------------------+-----
Stealth        | 5 6 7 10 11 | 11.5
Hexes          | 4 5 7 |  7.2
Spellcasting   | 3 4 5 7 9 10 | 10.1
Ice Magic      | 1 |  1.5
Short Blades   | 2 4 6 7 8 9 |  9.0
Fighting       | 2 |  2.0
Dodging        | 5 7 9 |  9.1
Evocations     | 2 5 |  5.0
Conjurations   | 1 2 3 |  3.6

Action                   |  1- 3 |  4- 6 |  7- 9 | 10-12 || total
-------------------------+-------+-------+-------+-------++-------
Melee: Dagger            |   181 |   113 |   163 |       ||   457
       Short sword       |       |       |    43 |   119 ||   162
 Cast: Corona            |     4 |       |       |       ||     4
       Ensorcelled Hiber |    25 |    41 |    64 |    54 ||   184
       Confuse           |       |     2 |    21 |    19 ||    42
       Dazzling Spray    |       |       |    11 |    20 ||    31
       Tukima's Dance    |       |       |     1 |       ||     1
  Use: Scroll            |       |       |     3 |     7 ||    10
 Stab: Sleeping          |    18 |    29 |    50 |    53 ||   150
       Distracted        |     1 |       |       |       ||     1
       Confused          |       |     2 |    16 |     8 ||    26
       Invisible         |       |       |     3 |     9 ||    12
  Eat: Ration            |     1 |     2 |     2 |     2 ||     7
Armor: Robe              |    22 |     5 |    11 |     4 ||    42
Dodge: Dodged            |   175 |    79 |   135 |    85 ||   474

Table legend:
 A = Spawn XP
 B = Non-spawn XP
 C = Spawn XP percentage of total XP
 D = Spawn monster count
 E = Non-spawn monster count
 F = Spawn count percentage of total count
 G = Total turns spent on level
                    A         B        C        D         E        F      G
               +---------+---------+-------+---------+---------+-------+---------
         Total |       0 |   12101 |   0.0 |       0 |     257 |   0.0 | 12754
               +---------+---------+-------+---------+---------+-------+---------
           D:1 |       0 |      56 |   0.0 |       0 |      31 |   0.0 |  1862
           D:2 |       0 |      46 |   0.0 |       0 |      13 |   0.0 |   630
           D:3 |       0 |     136 |   0.0 |       0 |      23 |   0.0 |  1093
           D:4 |       0 |    1193 |   0.0 |       0 |      18 |   0.0 |  1387
           D:5 |       0 |     797 |   0.0 |       0 |      21 |   0.0 |  1208
           D:6 |       0 |     722 |   0.0 |       0 |      19 |   0.0 |   943
           D:7 |       0 |    1462 |   0.0 |       0 |      39 |   0.0 |  1660
           D:8 |       0 |    1983 |   0.0 |       0 |      34 |   0.0 |   758
           D:9 |       0 |    1753 |   0.0 |       0 |      21 |   0.0 |  1071
          D:10 |       0 |    3953 |   0.0 |       0 |      38 |   0.0 |  1985
               +---------+---------+-------+---------+---------+-------+---------
